 Dungeon Sprint DCSS version 0.19-a0-1851-g3228ea0 (webtiles) character file.

36726 Loading the Brawler (level 13, -7/140 HPs)
             Began as a Troll Monk on Oct 10, 2016.
             Was the Champion of the Shining One.
             Mangled by a dire elephant (8 damage)
             ... in the Dungeon (Sprint V: "Ziggurat Sprint").
             The game lasted 00:19:38 (2555 turns).

Loading the Brawler (Troll Monk)                    Turns: 2555, Time: 00:19:38

Health: -7/140     AC: 34    Str: 28    XL:     13   Next: 54%
Magic:  7/24       EV:  1    Int:  6    God:    the Shining One [******]
Gold:   0          SH:  0    Dex: 16    Spells: 0 memorised, 12 levels left

rFire  + . .     SeeInvis .       - Unarmed
rCold  + . .     Gourm    +     i - +5 gold dragon scales
rNeg   + + +     Faith    .     (no shield)
rPois  ∞         Spirit   .     (helmet restricted)
rElec  .         Dismiss  .     (no cloak)
rCorr  .         Reflect  +     (gloves unavailable)
MR     .....     Harm     .     (boots unavailable)
Stlth  .......... NoTele   +    N - +6 amulet of reflection
                                V - ring of Robustness {AC+8}
                                B - +6 ring of strength

@: divine shield, petrified, glowing, studying 5 skills
A: unfitting armour, claws 3, fast metabolism 3, gourmand, regeneration 1,
shaggy fur 1, tough skin 2
a: Divine Shield, Cleansing Flame, Summon Divine Warrior, Brand Weapon With Holy
Wrath, Renounce Religion


You were in the Dungeon.
You worshipped the Shining One.
The Shining One was exalted by your worship.
You were not hungry.

You visited 1 branch

Inventory:

Armour
 i - +5 gold dragon scales (worn)
 T - a +1 cloak of poison resistance
Jewellery
 z - the amulet "Asmool" {Faith Dex+9}
   (You found it in the Dungeon)

   [amulet of faith]

   It allows you to gain divine favour quickly.
   It affects your dexterity (+9).
 B - a +6 ring of strength (left claw)
 C - a +6 ring of strength
 I - an uncursed ring of protection from magic
 K - the ring of the Leaf {*Contam +Inv +Fly EV+4}
   (You took it off a vampire in the Dungeon)

   [ring of evasion]

   It affects your evasion (+4).
   It lets you turn invisible.
   It lets you fly.
   It causes magical contamination when unequipped.
 L - the ring of Opokyam {*Contam rF+ MR++}
   (You found it in the Dungeon)

   [ring of protection from fire]

   It protects you from fire.
   It affects your resistance to hostile enchantments.
   It causes magical contamination when unequipped.
 M - the ring of Voampe {+Fly rElec rF+++ MR+ Int-5}
   (You found it in the Dungeon)

   [ring of protection from magic]

   It affects your intelligence (-5).
   It renders you almost immune to fire.
   It insulates you from electricity.
   It affects your resistance to hostile enchantments.
   It lets you fly.
 N - a +6 amulet of reflection (around neck)
 O - the amulet "Eseonaepso" {Gourm -Tele rF+++ rC+ Str-2}
   (You found it in the Dungeon)

   [amulet of the gourmand]

   It allows you to eat raw meat even when not hungry.
   It affects your strength (-2).
   It renders you almost immune to fire.
   It protects you from cold.
   It prevents most forms of teleportation.
 P - the amulet of Zin's Reproof {rPois rC- rN+ Regen+}
   (You found it in the Dungeon)

   [amulet of regeneration]

   It makes you vulnerable to cold.
   It protects you from poison.
   It protects you from negative energy.
   It increases your rate of regeneration.
 R - the ring of Creativity {Fire *Corrode MR+ Str+9}
   (You found it in the Dungeon)

   [ring of fire]

   It enhances your fire magic.
   It affects your strength (+9).
   It protects you from fire.
   It makes you vulnerable to cold.
   It affects your resistance to hostile enchantments.
   It may corrode you when you take damage.
 S - the ring "Xituomiv" {+Fly rF+ rN+ Int-2 Dex+3}
   (You took it off a merfolk aquamancer in the Dungeon)

   [ring of flight]

   It affects your intelligence (-2).
   It affects your dexterity (+3).
   It protects you from fire.
   It protects you from negative energy.
   It lets you fly.
 U - the ring of Neam {rF- rC+ MR+ Int+7}
   (You found it in the Dungeon)

   [ring of protection from magic]

   It affects your intelligence (+7).
   It makes you vulnerable to fire.
   It protects you from cold.
   It affects your resistance to hostile enchantments.
 V - the ring of Robustness (right claw) {AC+8}
   (You found it in the Dungeon)

   [ring of protection]

   It affects your AC (+8).
Wands
 D - a wand of disintegration (7/24)
 E - a wand of iceblast (5/15)
 F - a wand of lightning (5/15)
 G - a wand of acid (5/15)
Scrolls
 h - 4 scrolls of blinking
 o - 4 scrolls of amnesia
 p - 3 scrolls of recharging
 q - 8 scrolls of fog
 r - 2 scrolls of holy word
 s - 5 scrolls of identify
 t - 5 scrolls of remove curse
 u - 2 scrolls of fear
 x - 4 scrolls of enchant armour
 J - 3 scrolls of brand weapon
Potions
 a - 2 potions of brilliance
 c - 3 potions of curing
 d - 5 potions of heal wounds
 e - 4 potions of haste
 f - 5 potions of magic
 g - 2 potions of berserk rage
 j - 2 potions of invisibility
 k - 4 potions of resistance
 m - 4 potions of agility
 n - 4 potions of might
Books
 l - a manual of Charms
 y - a manual of Evocations
 A - a manual of Stealth
 H - a manual of Short Blades
 Q - a manual of Bows
Comestibles
 b - 6 bread rations
 v - 31 fruits
 w - 4 meat rations


   Skills:
 + Level 12.1 Fighting
 + Level 11.7 Armour
 + Level 12.2 Dodging
 - Level 1.0 Stealth
 * Level 19.6 Unarmed Combat
 * Level 17.3 Invocations


You had 12 spell levels left.
You didn't know any spells.

Dungeon Overview and Level Annotations

Branches:
Dungeon (1/1)

Altars:
Ashenzari
Cheibriados
Dithmenos
Elyvilon
Fedhas
Gozag
Hepliaklqana
Kikubaaqudgha
Makhleb
Nemelex Xobeh
Okawaru
Qazlal
Ru
Sif Muna
Trog
Uskayaw
Vehumet
Xom
Yredelemnul
Zin
The Shining One
Beogh
Jiyva
Lugonu

Annotations:
D exclusion: oklob plant


Innate Abilities, Weirdness & Mutations

You are too large for most types of armour.
You have claws for hands.
Your metabolism is lightning-fast.
You like to eat raw meat.
Your natural rate of healing is unusually fast.
You are covered in fur. (AC +1)
You have very tough skin. (AC +2)


Message History

The komodo dragon bites you but does no damage.
The catoblepas gores your daeva!
The dire elephant completely misses you.
The dire elephant barely misses you.
The water moccasin bites you but does no damage.
The water moccasin is engulfed in calcifying dust.
The dire elephant tramples you but does no damage.
The dire elephant trunk-slaps you but does no damage.
The five-headed hydra bites you.
* * * LOW HITPOINT WARNING * * *
The five-headed hydra bites you but does no damage.
The five-headed hydra bites you!
* * * LOW HITPOINT WARNING * * *
The five-headed hydra bites you!
* * * LOW HITPOINT WARNING * * *
The five-headed hydra barely misses you.
The water moccasin bites you but does no damage.
The komodo dragon bites you but does no damage.
The catoblepas gores your daeva!! The dire elephant tramples you!
You die...

..|)P:[[[||Fk..▓........
......F:?......▓....))).
...............▓...)).).
...............▓....).).
...............▓..▓...).
......kYk......▓.▓▓▓.)..
.....SStYS.....▓..▓...).
.....YYDll.....▓........
...▓..A@YH.▓...▓........
. ▓▓..SS.▓▓ .▓▓▓▓▓▓▓▓▓
...▓.......▓...▓.....8©8
...............▓.:}"}|"A
...............▓..[)="|A
▓▓▓▓▓▓▓▓▓▓▓▓▓▓▓▓........
▓........ ▓........
▓......))


You could see 2 dire elephants, a catoblepas, a five-headed hydra, 2 komodo
dragons, a hippogriff, a black mamba, 2 yaks, a blink frog (petrifying), 2 rime
drakes, 4 water moccasins, a crocodile and a friendly daeva (petrified).

Vanquished Creatures
  A lich (D)
  A shadow dragon (D)
  2 nagarajas (D)
  2 deep elf sorcerers (D)
  2 naga warriors (D)
  An anaconda (D)
  A dancing weapon (D)
  2 merfolk aquamancers (D)
  An orc high priest (D)
  A vampire mage (D)
  3 skeletal warriors (D)
  A soul eater (D)
  2 deep elf knights (D)
  2 deep elf magi (D)
  An orc sorcerer (D)
  2 ugly things (D)
  2 slime creatures (D)
  2 manticores (D)
  An eye of devastation (D)
  2 black mambas (D)
  A spiny frog (D)
  2 freezing wraiths (D)
  A komodo dragon (D)
  A two-headed ogre (shapeshifter) (D)
  A merfolk (D)
  4 hornets (D)
  A hippogriff (D)
  2 vampires (D)
  2 tarantellas (D)
  An air elemental (D)
  A shadow (D)
  4 spriggans (D)
  A yak (D)
  3 nagas (D)
  7 water moccasins (D)
  A hell hound (D)
  A floating eye (D)
  A sky beast (shapeshifter) (D)
  2 black bears (D)
  An eye of draining (D)
  2 ice beasts (D)
  5 wolves (D)
  A crocodile (shapeshifter) (D)
  A bullfrog (D)
  An earth elemental (D)
  3 scorpions (D)
  A wight (D)
  A crimson imp (D)
  An orc priest (D)
  3 orc wizards (D)
  An iguana (D)
  4 adders (D)
  A white imp (D)
  3 spectral adders (D)
  5 adder zombies (D)
  3 adder skeletons (D)
  A spectral bat (D)
  3 bat skeletons (D)
  5 bat zombies (D)
  A jackal (D)
  A ball python zombie (D)
  2 leopard gecko zombies (D)
  2 quokka skeletons (D)
  A spectral leopard gecko (D)
122 creatures vanquished.

Vanquished Creatures (collateral kills)
  A deep elf blademaster (D)
  A shadow dragon (D)
  A ghoul (D)
  A deep elf elementalist (D)
  A deep elf annihilator (D)
  A merfolk javelineer (D)
  3 merfolk impalers (D)
  A great orb of eyes (D)
  A merfolk aquamancer (D)
  A dancing weapon (D)
  4 soul eaters (D)
  A skeletal warrior (D)
  A glowing orange brain (D)
  A deep elf archer (D)
  A manticore (D)
  2 deep elf magi (D)
  A guardian serpent (D)
  A black mamba (D)
  A torpor snail (D)
  2 ice devils (D)
  A hornet (D)
  3 slime creatures (D)
  A dream sheep (D)
  A snapping turtle (D)
  A vampire (D)
  4 shadows (D)
  A spriggan (D)
  2 golden eyes (D)
  A yak (D)
  3 water moccasins (D)
  3 nagas (D)
  A black bear (D)
  A necrophage (D)
  A wolf (D)
  A crocodile (D)
  4 wights (D)
  2 mummies (D)
  An adder skeleton (D)
  2 adder zombies (D)
  A spectral bat (D)
  4 bat skeletons (D)
  A bat zombie (D)
  A ball python (D)
  A ball python zombie (D)
  A giant cockroach zombie (D)
  2 jackal skeletons (D)
  A jackal zombie (D)
  A leopard gecko simulacrum (D)
  A leopard gecko zombie (D)
  A spectral giant cockroach (D)
76 creatures vanquished.

Vanquished Creatures (others)
  A ball python (D)
1 creature vanquished.

Grand Total: 199 creatures vanquished

Notes
Turn   | Place    | Note
-------+----------+-------------------------------------------
     0 | D        | Loading the Troll Monk began the quest for the Orb.
     0 | D        | Reached XP level 1. HP: 22/22 MP: 0/0
     3 | D        | Found a blossoming altar of Fedhas.
    19 | D        | Found a bloodstained altar of Trog.
    19 | D        | Found a deep blue altar of Sif Muna.
    19 | D        | Found a sacrificial altar of Ru.
    19 | D        | Found a stormy altar of Qazlal.
    19 | D        | Found an iron altar of Okawaru.
    21 | D        | Found a sparkling altar of Nemelex Xobeh.
    23 | D        | Found an ancient bone altar of Kikubaaqudgha.
    23 | D        | Found a viscous altar of Jiyva.
    23 | D        | Found a corrupted altar of Lugonu.
    23 | D        | Found a hazy altar of Hepliaklqana.
    23 | D        | Found a burning altar of Makhleb.
    23 | D        | Found an opulent altar of Gozag.
    88 | D        | Became a worshipper of the Shining One
    88 | D        | Reached * piety under the Shining One
    88 | D        | Reached ** piety under the Shining One
   104 | D        | Reached skill level 8 in Unarmed Combat
   104 | D        | Reached XP level 2. HP: 29/29 MP: 1/1
   110 | D        | Entered arena 1.
   110 | D        | Noticed a sky beast
   110 | D        | Noticed a green ugly thing
   114 | D        | Killed a sky beast
   114 | D        | Reached skill level 1 in Armour
   114 | D        | Reached XP level 3. HP: 37/37 MP: 1/4
   114 | D        | Reached XP level 4. HP: 45/45 MP: 1/5
   122 | D        | Killed a green ugly thing
   122 | D        | Reached skill level 10 in Unarmed Combat
   122 | D        | Reached XP level 5. HP: 55/55 MP: 1/8
   122 | D        | Reached XP level 6. HP: 65/65 MP: 1/9
   184 | D        | Entered arena 2.
   184 | D        | Noticed a two-headed ogre
   184 | D        | Noticed a green ugly thing
   184 | D        | Noticed an ice beast
   184 | D        | Reached *** piety under the Shining One
   184 | D        | an ice beast changed into a crocodile
   189 | D        | Killed a two-headed ogre
   189 | D        | Reached skill level 5 in Fighting
   189 | D        | Reached skill level 5 in Dodging
   189 | D        | Reached skill level 11 in Unarmed Combat
   189 | D        | Reached XP level 7. HP: 59/72 MP: 9/11
   195 | D        | Killed a green ugly thing
   195 | D        | Reached skill level 5 in Armour
   195 | D        | Reached XP level 8. HP: 59/83 MP: 9/13
   207 | D        | Got the ring of Qeatodig {+Fly rPois Stlth+}
   222 | D        | Entered arena 3.
   222 | D        | Noticed an air elemental
   222 | D        | Noticed a deep elf mage
   222 | D        | Noticed an orc high priest
   225 | D        | Killed an air elemental
   225 | D        | Reached skill level 12 in Unarmed Combat
   226 | D        | Killed a deep elf mage
   228 | D        | Noticed a red devil
   228 | D        | Noticed a smoke demon
   230 | D        | Noticed an ice devil
   239 | D        | Noticed a hellwing
   240 | D        | Killed an orc high priest
   240 | D        | Reached **** piety under the Shining One
   240 | D        | Reached skill level 13 in Unarmed Combat
   240 | D        | Reached XP level 9. HP: 32/92 MP: 13/15
   446 | D        | Entered arena 4.
   449 | D        | Reached ***** piety under the Shining One
   457 | D        | Reached skill level 10 in Invocations
   478 | D        | Entered arena 5.
   495 | D        | Entered arena 6.
   495 | D        | Noticed a spriggan rider
   526 | D        | Got the ring of Opokyam {*Contam rF+ MR++}
   698 | D        | Entered arena 7.
   698 | D        | Noticed a spriggan rider
   698 | D        | Noticed a spriggan rider
   698 | D        | Noticed a spriggan rider
   698 | D        | Noticed a spriggan rider
   706 | D        | Killed a spriggan rider
   706 | D        | Reached XP level 10. HP: 52/102 MP: 8/17
   706 | D        | Reached skill level 14 in Unarmed Combat
   710 | D        | Killed a spriggan rider
   870 | D        | Entered arena 8.
   870 | D        | Reached ****** piety under the Shining One
   901 | D        | Entered arena 9.
   901 | D        | Noticed a black mamba
   905 | D        | Killed a black mamba
   922 | D        | Got the amulet "Eseonaepso" {Gourm -Tele rF+++ rC+ Str-2}
   956 | D        | Entered arena 10.
   956 | D        | Noticed a spiny frog
   963 | D        | Killed a spiny frog
   963 | D        | Reached skill level 15 in Unarmed Combat
   974 | D        | Reached XP level 11. HP: 93/113 MP: 17/19
  1005 | D        | Entered arena 11.
  1006 | D        | Noticed a naga warrior
  1024 | D        | Killed a naga warrior
  1158 | D        | Entered arena 12.
  1158 | D        | Noticed a nagaraja
  1158 | D        | Noticed an anaconda
  1160 | D        | Noticed a naga warrior
  1160 | D        | Noticed a nagaraja
  1166 | D        | Killed an anaconda
  1172 | D        | Killed a nagaraja
  1172 | D        | Reached skill level 16 in Unarmed Combat
  1183 | D        | Killed a nagaraja
  1188 | D        | Killed a naga warrior
  1213 | D        | Got the ring of Creativity {Fire *Corrode MR+ Str+9}
  1475 | D        | Entered arena 13.
  1477 | D        | Noticed a merfolk aquamancer
  1477 | D        | Noticed a merfolk impaler
  1477 | D        | Noticed a merfolk javelineer
  1478 | D        | Noticed a merfolk aquamancer
  1478 | D        | Noticed a merfolk impaler
  1479 | D        | Noticed a merfolk impaler
  1482 | D        | Noticed a merfolk aquamancer
  1483 | D        | Killed a merfolk impaler
  1491 | D        | Killed a merfolk aquamancer
  1491 | D        | Reached skill level 10 in Dodging
  1492 | D        | Killed a merfolk aquamancer
  1492 | D        | Reached skill level 10 in Fighting
  1494 | D        | Killed a merfolk impaler
  1498 | D        | Reached skill level 17 in Unarmed Combat
  1498 | D        | Reached XP level 12. HP: 30/126 MP: 7/21
  1500 | D        | Killed a merfolk javelineer
  1501 | D        | Killed a merfolk aquamancer
  1505 | D        | Killed a merfolk impaler
  1522 | D        | Got the ring "Xituomiv" {+Fly rF+ rN+ Int-2 Dex+3}
  1716 | D        | Entered arena 14.
  1722 | D        | Noticed a great orb of eyes
  1727 | D        | Paralysed by a floating eye for 4 turns
  1734 | D        | Paralysed by a floating eye for 3 turns
  1741 | D        | Paralysed by a floating eye for 4 turns
  1741 | D        | Reached skill level 10 in Armour
  1753 | D        | Killed a great orb of eyes
  1754 | D        | HP: 2/127 [disintegration (40)]
  1756 | D        | Reached skill level 15 in Invocations
  1758 | D        | Paralysed by a floating eye for 3 turns
  1955 | D        | Entered arena 15.
  1958 | D        | Noticed a deep elf elementalist
  1958 | D        | Noticed a deep elf blademaster
  1959 | D        | Noticed a deep elf sorcerer
  1959 | D        | Noticed a deep elf annihilator
  1960 | D        | Noticed a deep elf sorcerer
  1968 | D        | Killed a deep elf blademaster
  1970 | D        | Killed a deep elf sorcerer
  1970 | D        | Reached skill level 18 in Unarmed Combat
  1971 | D        | Killed a deep elf annihilator
  1974 | D        | Killed a deep elf sorcerer
  1976 | D        | Killed a deep elf elementalist
  2058 | D        | Entered arena 16.
  2063 | D        | Noticed a shadow dragon
  2064 | D        | Noticed a shadow dragon
  2079 | D        | Killed a shadow dragon
  2079 | D        | Reached XP level 13. HP: 137/137 MP: 17/24
  2082 | D        | Killed a shadow dragon
  2117 | D        | Entered arena 17.
  2129 | D        | Noticed a lich
  2139 | D        | Killed a lich
  2139 | D        | Reached skill level 19 in Unarmed Combat
  2159 | D        | Got the ring of the Leaf {*Contam +Inv +Fly EV+4}
  2169 | D        | Got the ring of Voampe {+Fly rElec rF+++ MR+ Int-5}
  2297 | D        | Entered arena 18.
  2334 | D        | Got the amulet "Asmool" {Faith Dex+9}
  2446 | D        | Entered arena 19.
  2454 | D        | Noticed a ghoul
  2476 | D        | Killed a ghoul
  2492 | D        | Got the amulet of Zin's Reproof {rPois rC- rN+ Regen+}
  2499 | D        | Got the ring of Neam {rF- rC+ MR+ Int+7}
  2522 | D        | Entered arena 20.
  2529 | D        | Noticed a dire elephant
  2529 | D        | Noticed a dire elephant
  2555 | D        | HP: 5/140 [five-headed hydra (5)]
  2555 | D        | HP: 1/140 [five-headed hydra (4)]
  2555 | D        | Mangled by a dire elephant

Vault maps used:
D:        sprint_v

Skill      XL: |  1  2  3  4  5  6  7  8  9 10 11 12 13 |
---------------+----------------------------------------+-----
Unarmed Combat | 8 10 11 13 15 17 18 19 | 19.6
Fighting       | 3 4 5 6 7 8 10 11 12 | 12.1
Armour         | 1 3 4 5 6 7 8 9 11 | 11.7
Dodging        | 3 4 5 6 7 8 10 11 12 | 12.2
Invocations    | 3 6 7 8 9 11 12 14 16 17 | 17.3
Stealth        | |  1.0

Action                   |  1- 3 |  4- 6 |  7- 9 | 10-12 | 13-15 || total
-------------------------+-------+-------+-------+-------+-------++-------
Melee: Unarmed           |     3 |    11 |    70 |   157 |    76 ||   317
       Punch             |       |     1 |     7 |    16 |     8 ||    32
Invok: Summon Divine War |       |       |     1 |    14 |     8 ||    23
       Divine Shield     |       |       |       |     7 |     4 ||    11
       Cleansing Flame   |       |       |       |       |     1 ||     1
  Use: Potion            |     2 |     1 |     3 |    14 |       ||    20
  Eat: Fruit             |       |       |    11 |       |       ||    11
       Chunk             |       |       |     2 |    17 |     2 ||    21
Armor: Gold dragon scale |     2 |     6 |    72 |   127 |   129 ||   336
Dodge: Dodged            |     1 |     2 |    27 |    93 |    28 ||   151
Block: Other             |       |       |       |   174 |    66 ||   240
       Reflection        |       |       |       |     1 |       ||     1
